 Dungeon Crawl Stone Soup version 0.20-b1 (webtiles) character file.

129 MTVSty1e the Skirmisher (level 4, -2/37 HPs)
             Began as a Demonspawn Gladiator on May 18, 2017.
             Slain by an orc
             ... wielding a +0 flail
              (3 damage)
             ... on level 3 of the Dungeon.
             The game lasted 00:04:14 (1968 turns).

MTVSty1e the Skirmisher (Demonspawn Gladiator)      Turns: 1968, Time: 00:04:14

Health: -2/37      AC:  8    Str: 16    XL:     4   Next: 88%
Magic:  4/4        EV: 12    Int:  9    God:
Gold:   163        SH:  0    Dex: 14    Spells: 3/3 levels left

rFire    . . .     SeeInvis .   a - +0 trident
rCold    . . .     Gourm    .   (no shield)
rNeg     . . .     Faith    .   e - +0 ring mail
rPois    .         Spirit   .   c - +0 helmet
rElec    .         Reflect  .   (no cloak)
rCorr    .         Harm     .   (no gloves)
MR       .....                  (no boots)
Stlth    ..........             (no amulet)
Regen    0.2/turn               (no ring)
MPRegen  0.1/turn               (no ring)

@: no status effects
A: hooves 1, molten scales 1
a: no special abilities


You were on level 3 of the Dungeon.
You were not hungry.

You visited 1 branch of the dungeon, and saw 3 of its levels.

You collected 163 gold pieces.

Inventory:

Hand Weapons
 a - a +0 trident (weapon)
 p - a +0 quarterstaff of crushing
Missiles
 d - 3 throwing nets (quivered)
Armour
 c - a +0 helmet (worn)
 e - a +0 ring mail (worn)
Scrolls
 g - a scroll of amnesia {unknown}
 h - a scroll of identify {unknown}
 i - a scroll of magic mapping {unknown}
 j - 3 scrolls of teleportation {unknown}
 m - 3 scrolls of remove curse {unknown}
Potions
 b - a potion of might {unknown}
 f - a potion of mutation {unknown}
 k - a potion of flight {unknown}
 l - 3 potions of curing {unknown}
 n - 2 potions of heal wounds {unknown}
 r - a potion of lignification {unknown}
Comestibles
 o - a meat ration
 q - 2 royal jellies


   Skills:
 * Level 3.7 Fighting
 + Level 3.2 Polearms
 - Level 1.7 Throwing
 + Level 1.7 Armour
 + Level 3.1 Dodging


You had 3 spell levels left.
You didn't know any spells.

Dungeon Overview and Level Annotations

Branches:
Dungeon (3/15)

Altars:
Cheibriados
Sif Muna
Zin
The Shining One


Innate Abilities, Weirdness & Mutations

You have large cloven feet.
You are partially covered in molten scales. (AC +2)


Message History

The orc hits you with a flail. The orc hits you with a hand axe.
Unknown command.
You are too injured to fight recklessly!
You are too injured to fight recklessly!
You are too injured to fight recklessly!
You are too injured to fight recklessly!
The orc hits you with a flail.
* * * LOW HITPOINT WARNING * * *
You barely miss the orc. The orc hits you but does no damage.
The orc barely misses you.
You puncture the orc!
You kill the orc!
The orc hits you with a flail!
* * * LOW HITPOINT WARNING * * *
You see here a hand axe.
You hit the orc but do no damage. You kick the orc, but do no damage.
The orc hits you but does no damage.
You closely miss the orc. You kick the orc, but do no damage.
The orc hits you with a flail.
You die...

.#####..†.(..)(....#
.# .#
#...#...†)..#.# .#
.#
#.............##.# #
##
#...#.#.#.#.#....#.#
#...###.####......#
#...###.##...#...#.#
....(...........###
.##....#.#.#..###
......o@## ..#.#.#[#
......... .)#.#.#.##
........# ###......
#...... #......


You could see an orc.

Vanquished Creatures
  Jessica (D:2)
  An adder (D:2)
  An ooze (D:2)
  A worm (D:2)
  5 dart slugs (D:1)
  2 leopard geckos (D:2)
  7 orcs (D:3)
  4 giant cockroaches
  5 goblins
  7 hobgoblins
  3 jackals (D:1)
  2 ball pythons (D:3)
  8 bats
  8 frilled lizards
  9 kobolds
  5 rats
69 creatures vanquished.

Notes
Turn   | Place    | Note
-------+----------+-------------------------------------------
     0 | D:1      | MTVSty1e the Demonspawn Gladiator began the quest for the Orb.
     0 | D:1      | Reached XP level 1. HP: 16/16 MP: 1/1
   127 | D:1      | Gained mutation: You are partially covered in molten scales. (AC +2) [demonic ancestry]
   127 | D:1      | Reached XP level 2. HP: 5/23 MP: 2/2
   421 | D:1      | Reached skill level 1 in Armour
   641 | D:1      | Reached XP level 3. HP: 28/28 MP: 3/3
  1150 | D:2      | Noticed Jessica
  1164 | D:2      | Killed Jessica
  1164 | D:2      | Gained mutation: You have large cloven feet. [demonic ancestry]
  1164 | D:2      | Reached XP level 4. HP: 16/35 MP: 4/4
  1405 | D:2      | Found a glowing silver altar of Zin.
  1480 | D:2      | Found a glowing golden altar of the Shining One.
  1480 | D:2      | Found a faded altar of an unknown god.
  1485 | D:2      | Found a snail-covered altar of Cheibriados.
  1491 | D:2      | Found a faded altar of an unknown god.
  1492 | D:2      | Found a deep blue altar of Sif Muna.
  1965 | D:3      | HP: 1/37 [orc/flail (7)]
  1968 | D:3      | Slain by an orc

Skill      XL: |  1  2  3  4 |
---------------+-------------+-----
Armour         | 1 |  1.7
Polearms       | 3 |  3.2
Fighting       | 3 |  3.7
Dodging        | 3 |  3.1
Throwing       | |  1.7

Action                   |  1- 3 |  4- 6 || total
-------------------------+-------+-------++-------
Melee: Trident           |   125 |    96 ||   221
       Kick              |       |    18 ||    18
  Eat: Bread ration      |     1 |       ||     1
Armor: Ring mail         |    89 |    41 ||   130
Dodge: Dodged            |   156 |    53 ||   209
